 Dungeon Crawl Stone Soup version 0.28-a0-312-gbced6e68ee (webtiles) character file.

Game seed: 2531990882598752222

1871 jdzakarian the Shield-Bearer (level 9, -14/64 (67) HPs)
             Began as a Hill Orc Fighter on Aug 31, 2021.
             Was a Believer of Beogh (penitent).
             Demolished by a soul eater (18 damage)
             ... summoned by an orc high priest
             ... created by the wrath of Beogh
             ... on level 6 of the Dungeon.
             The game lasted 00:35:43 (5396 turns).

jdzakarian the Shield-Bearer (Hill Orc Fighter)     Turns: 5396, Time: 00:35:44

HP:   -14/64 (67)   AC:  8    Str: 24    XL:     9   Next: 13%
MP:   9/9           EV: 10    Int:  8    God:    Beogh [*]
Gold: 266           SH: 10    Dex: 13    Spells: 8/8 levels left

rFire   . . .      SeeInvis .   e - +3 dagger (freeze)
rCold   . . .      Faith    .   c - +0 kite shield
rNeg    + . .      Spirit   .   k - +2 ring mail {rN+}
rPois   .          Reflect  .   (no helmet)
rElec   .          Harm     .   p - scarf {+Inv}
rCorr   .          Rampage  .   (no gloves)
Will    .....                   (no boots)
Stlth   +.........              o - amulet of Koughos {Regen+ Str+5}
HPRegen 1.20/turn               (no ring)
MPRegen 0.11/turn               (no ring)

@: lightly drained, unable to read
A: hooves 1, frail 1, passive freeze, inability to read while threatened
a: Renounce Religion, Evoke Invisibility


You were on level 6 of the Dungeon.
You worshipped Beogh.
Beogh was demanding penance.
You visited 1 branch of the dungeon, and saw 6 of its levels.

You collected 266 gold pieces.

Inventory:

Hand Weapons
 a - a +1 vampiric short sword
 e - a +3 dagger of freezing (weapon)
Armour
 c - a +0 kite shield (worn)
 k - a +2 ring mail of positive energy (worn)
 p - a scarf of invisibility (worn)
Jewellery
 o - the amulet of Koughos (around neck) {Regen+ Str+5}
   (You acquired it on level 5 of the Dungeon)

   [amulet of regeneration]

   Str:       It affects your strength (+5).
   Regen:     It increases your rate of health regeneration.
Wands
 n - a wand of acid (7)
 q - a wand of paralysis (5)
Scrolls
 g - 3 scrolls of identify
 h - 2 scrolls of magic mapping
 l - a scroll of enchant weapon
 m - a scroll of teleportation
Potions
 b - a potion of attraction
 j - 3 potions of flight


   Skills:
 + Level 5.7 Fighting
 + Level 5.2 Short Blades
 + Level 3.6 Axes
 + Level 7.2 Armour
 + Level 3.1 Dodging
 + Level 0.3 Stealth
 + Level 7.3 Shields


You had 8 spell levels left.
You didn't know any spells.
Your spell library contained the following spells:

 Spells                   Type           Power      Damage    Failure   Level
 Corona                   Hex            0%         N/A       86%         1
 Shock                    Conj/Air       0%         1d3       86%         1
 Ensorcelled Hibernation  Hex/Ice        0%         N/A       95%         2
 Ozocubu's Armour         Ice            0%         N/A       99%         3
 Swiftness                Air            0%         N/A       99%         3
 Tukima's Dance           Hex            0%         N/A       99%         3
 Airstrike                Air            0%         N/A       100%        4
 Ozocubu's Refrigeration  Ice            0%         4d5       100%        7


Dungeon Overview and Level Annotations

Branches:
Dungeon (6/15)             Temple (0/1) D:5

Altars:
Beogh


Innate Abilities, Weirdness & Mutations

You have large cloven feet.
You are frail. (-10% HP)
A frigid envelope surrounds you and freezes all who hurt you.
You sometimes lose the ability to read scrolls when taking damage.


Message History

The orc priest looks satisfied for a moment.
You barely miss the soul eater. Your kick misses the soul eater.
The soul eater is lightly wounded.
You block the soul eater's attack.
You hit the soul eater but do no damage.
The soul eater is lightly wounded.
The soul eater hits you!
* * * LOW HITPOINT WARNING * * *
You partially resist.
You feel drained.
* * * LOW HITPOINT WARNING * * *
The soul eater resists.
The soul eater is very cold.
The soul eater is lightly wounded.
Unknown command.
Okay, then.
You cannot read scrolls in your current state!
You hit the soul eater but do no damage.
Your kick misses the soul eater.
The soul eater is lightly wounded.
You block the soul eater's attack.
You hit the soul eater but do no damage.
Your kick misses the soul eater.
The soul eater is lightly wounded.
The soul eater hits you!
* * * LOW HITPOINT WARNING * * *
You partially resist.
You feel drained.
* * * LOW HITPOINT WARNING * * *
The soul eater resists.
The soul eater is very cold.
The soul eater is lightly wounded.
The orc high priest prays to Beogh.
The soul eater draws from the surrounding life force!
* * * LOW HITPOINT WARNING * * *
The soul eater is healed.
The soul eater draws from the surrounding life force!
* * * LOW HITPOINT WARNING * * *
The soul eater is healed.
The soul eater draws from the surrounding life force!
* * * LOW HITPOINT WARNING * * *
The soul eater hits you!!
You die...
Beogh appreciates the soul eater's killing of a heretic priest.

.. .# .# .#
.# .#
######.######
#43@.........
#o####.....##
#.# ####.#
#4# #.# #o#
#o# #h# #o#


You could see a soul eater (summoned), an orc high priest and an ice devil
(summoned).

Vanquished Creatures
  A meliai zombie (D:6)
  Sigmund (D:6)
  Edmund (D:5)
  A warg (D:6)
  A water moccasin (D:5)
  An orc warrior (D:6)
  2 necrophages (D:6)
  An ogre (D:6)
  A sky beast (D:6)
  A centaur (D:5)
  A bullfrog (D:6)
  A water moccasin skeleton (D:4)
  A howler monkey (D:5)
  5 hounds
  3 orc priests
  2 orc wizards
  A scorpion zombie (D:5)
  A hound skeleton (D:4)
  A gnoll (D:3)
  9 adders
  An ufetubus (D:6)
  5 dart slugs
  9 orcs
  10 ball pythons
  7 endoplasms
  7 giant cockroaches
  6 goblins
  13 hobgoblins
  3 jackals
  7 quokkas
  10 bats
  5 frilled lizards
  5 kobolds
  7 rats
131 creatures vanquished.

Vanquished Creatures (collateral kills)
  A water moccasin (D:5)
  A centaur (D:4)
  A phantom (D:5)
  A wyvern skeleton (D:5)
  A jelly (D:6)
  2 orc priests
  A centaur skeleton (D:5)
  A jackal (D:5)
  A quokka (D:4)
10 creatures vanquished.

Vanquished Creatures (others)
  An orc priest (D:4)
1 creature vanquished.

Grand Total: 142 creatures vanquished

Notes
Turn   | Place    | Note
-------+----------+-------------------------------------------
     0 | D:1      | jdzakarian the Hill Orc Fighter began the quest for the
                  | Orb.
     0 | D:1      | Reached XP level 1. HP: 19/19 MP: 1/1
   324 | D:1      | Reached XP level 2. HP: 27/27 MP: 2/2
   334 | D:1      | Found a faded altar of an unknown god.
   352 | D:1      | Became a worshipper of Beogh the Brigand
   352 | D:1      | Reached * piety under Beogh
   498 | D:1      | Reached XP level 3. HP: 33/33 MP: 3/3
  1136 | D:2      | Reached ** piety under Beogh
  1189 | D:2      | Reached XP level 4. HP: 35/40 MP: 4/4
  2237 | D:3      | Reached XP level 5. HP: 45/46 MP: 5/5
  2455 | D:3      | Reached skill level 1 in Dodging
  2773 | D:3      | Gained mutation: You are frail. (-10% HP) [potion of
                  | mutation]
  2773 | D:3      | Gained mutation: You sometimes lose the ability to read
                  | scrolls when taking damage. [potion of mutation]
  2773 | D:3      | Gained mutation: A frigid envelope surrounds you and
                  | freezes all who hurt you. [potion of mutation]
  2773 | D:3      | Gained mutation: You have large cloven feet. [potion of
                  | mutation]
  3143 | D:4      | Reached skill level 1 in Short Blades
  3263 | D:4      | Reached *** piety under Beogh
  3277 | D:4      | Reached XP level 6. HP: 43/46 MP: 6/6
  3339 | D:4      | Reached skill level 5 in Shields
  3814 | D:5      | Entered Level 5 of the Dungeon
  3831 | D:5      | Reached skill level 5 in Armour
  4209 | D:5      | Reached XP level 7. HP: 37/53 MP: 3/7
  4480 | D:5      | Identified a scroll of acquirement
  4480 | D:5      | Acquired the amulet of Koughos {Regen+ Str+5}
  4523 | D:5      | Found a staircase to the Ecumenical Temple.
  4628 | D:5      | Noticed Edmund
  4639 | D:5      | Killed Edmund
  4640 | D:5      | Reached XP level 8. HP: 56/60 MP: 6/8
  5158 | D:6      | Was placed under penance by Beogh
  5184 | D:6      | Noticed Sigmund
  5187 | D:6      | Reached skill level 5 in Fighting
  5212 | D:6      | Reached XP level 9. HP: 31/66 MP: 9/9
  5217 | D:6      | Reached skill level 5 in Short Blades
  5225 | D:6      | Killed Sigmund
  5373 | D:6      | Noticed an orc high priest
  5383 | D:6      | Noticed a soul eater
  5391 | D:6      | Noticed an ice devil
  5395 | D:6      | HP: 3/64 [soul eater/drain life[the wrath of Beogh] (7)]
  5396 | D:6      | Demolished by a soul eater

Illustrated notes

Levels and vault maps discovered:
D:1:      minmay_arrival_five_plusses, layout_basic,
          ebering_ecumenical_altar_ruins
D:2:      layout_loops_ring, corexii_hall_statues_u, minmay_pentomino_w4
D:3:      kb_forest_paths, layout_basic
D:4:      layout_basic, chequers_avenue
D:5:      layout_layer_cave, temple_pool_b, st_stairs_14, nrook_campfire,
          grunt_ministairs_15, uniq_edmund
D:6:      layout_loops_ring, ebering_ghost_inner_flame, uniq_sigmund

Skill      XL: |  1  2  3  4  5  6  7  8  9 |
---------------+----------------------------+-----
Axes           | 3 |  3.6
Shields        | 4 5 6 7 |  7.3
Fighting       | 4 5 |  5.7
Armour         | 4 5 7 |  7.2
Dodging        | 1 2 3 |  3.1
Short Blades   | 1 3 4 5 |  5.2
Stealth        | |  0.3

Action                   |  1- 3 |  4- 6 |  7- 9 || total
-------------------------+-------+-------+-------++-------
Melee: War axe           |    38 |       |       ||    38
       Dagger            |    48 |   152 |   107 ||   307
       Kick              |       |    16 |    30 ||    46
  Use: Scroll            |     3 |     9 |     3 ||    15
       Potion            |       |     5 |     4 ||     9
Armor: Scale mail        |    72 |    74 |       ||   146
       Chain mail        |       |    11 |       ||    11
       Ring mail         |       |    12 |    29 ||    41
Dodge: Dodged            |    33 |    65 |    45 ||   143
Block: Kite shield       |    62 |    92 |    52 ||   206

Table legend: (Time is in decaauts)
 A = Elapsed time spent in this place.
 B = Non-inter-level travel time spent in this place.
 C = Inter-level travel time spent in this place.
 D = Time resting spent in this place.
 E = Time spent auto-exploring this place.
 F = Levels seen in this place.
 G = Mean time per level.
                   A        B        C        D        E       F      G
               +--------+--------+--------+--------+--------+-----+--------+
         Total |   5434 |   5434 |      0 |    157 |   3230 |   6 |  905.7 |
       Dungeon |   5434 |   5434 |      0 |    157 |   3230 |   6 |  905.7 |
               +--------+--------+--------+--------+--------+-----+--------+

Top non-repeatable levels by time:
     D:5: 1318 daAuts
     D:2: 1152 daAuts
     D:1: 1124 daAuts
     D:3: 832 daAuts
     D:4: 744 daAuts
     D:6: 261 daAuts
